[Event "Titled Tuesday Blitz March 29 Early 2022"]
[White "Hernandez Jimenez, Alexander Andres"]
[Black "Lehtosaari, Mauri"]
[WhiteFideId "3900452"]
[BlackFideId "501999"]
[WhiteElo "2082"]
[BlackElo "2507"]
[Result "1/2-1/2"]
[Round "07"]
[TimeControl "180+1"]
[Date "2022.03.30"]
[WhiteClock "0:00:04"]
[BlackClock "0:00:22"]

1. e4 d5 2. exd5 Qxd5 3. Nc3 Qe5+ 4. Be2 c6 5. Nf3 Qc7 6. d3 Bg4 7. h3 Bh5 8. O-O Nf6 9. Bg5 Nbd7 10. Bh4 e6 11. Bg3 Bd6 12. Bxd6 Qxd6 13. Ne4 Qe7 14. Ng3 Bg6 15. Nh4 O-O 16. Nxg6 hxg6 17. d4 Rfd8 18. c3 c5 19. dxc5 Nxc5 20. Qc2 Rac8 21. Rfd1 a6 22. Bf3 b5 23. Rxd8+ Rxd8 24. Rd1 Na4 25. b3 Rxd1+ 26. Bxd1 Nc5 27. c4 Qd6 28. cxb5 axb5 29. b4 Na6 30. a3 Nd5 31. Be2 Nac7 32. Ne4 Qf4 33. Bf1 Qe5 34. Nc5 Qa1 35. Qb3 Nc3 36. g3 N7d5 37. Kg2 Qe1 38. Qc2 Nd1 39. Qe2 Qxe2 40. Bxe2 N1c3 41. Bd3 Kf8 42. Ne4 Ke7 43. Nxc3 Nxc3 44. Kf3 Kd6 45. Ke3 Kd5 46. f4 f5 47. g4 e5 48. gxf5 gxf5 49. fxe5 Kxe5 50. Kd2 Ne4+ 51. Ke3 Nc3 52. Kd2 Ne4+ 53. Ke3 Nd6 54. h4 g6 55. Be2 f4+ 56. Kf3 Nf5 57. Bxb5 Nxh4+ 58. Kg4 Nf5 59. Bc6 Nd4 60. b5 Kd6 61. Kxf4 Nxc6 62. bxc6 Kxc6 63. Kg5 Kb5 64. Kxg6 Ka4 65. Kf5 Kxa3 1/2-1/2


[Site "https://www.chess.com"]

[Event "Titled Tuesday Blitz March 29 Early 2022"]
[White "Horak, Martin"]
[Black "Legenia, Artem"]
[WhiteFideId "367095"]
[BlackFideId "14136945"]
[WhiteElo "1997"]
[BlackElo "1936"]
[Result "0-1"]
[Round "07"]
[TimeControl "180+1"]
[Date "2022.03.30"]
[WhiteClock "0:00:33"]
[BlackClock "0:01:00"]

1. d4 e6 2. c4 Nf6 3. g3 Bb4+ 4. Nd2 O-O 5. Bg2 d6 6. Nf3 Bxd2+ 7. Qxd2 Nc6 8. O-O e5 9. e3 Bg4 10. b3 Re8 11. dxe5 dxe5 12. Bb2 Bxf3 13. Qxd8 Raxd8 14. Bxf3 Rd2 15. Bc3 Rc2 16. Rfc1 Rxc1+ 17. Rxc1 e4 18. Bg2 Nd7 19. Rd1 Nc5 20. b4 Na4 21. Be1 Nb2 22. c5 Nxd1 0-1


[Site "https://www.chess.com"]

[Event "Titled Tuesday Blitz March 29 Early 2022"]
[White "Iljin, Timofey"]
[Black "Liyanage, Ranindu Dilshan"]
[WhiteFideId "14110180"]
[BlackFideId "9915834"]
[WhiteElo "2396"]
[BlackElo "1858"]
[Result "1-0"]
[Round "07"]
[TimeControl "180+1"]
[Date "2022.03.30"]
[WhiteClock "0:00:14"]
[BlackClock "0:00:15"]

1. e4 e5 2. d4 exd4 3. c3 d5 4. exd5 Qxd5 5. cxd4 Nc6 6. Nf3 Bg4 7. Nc3 Bb4 8. Be2 Nf6 9. O-O Bxc3 10. bxc3 O-O 11. h3 Bf5 12. Be3 Ne4 13. c4 Qd6 14. d5 Nc3 15. Qd2 Nxe2+ 16. Qxe2 Ne7 17. Rfd1 b6 18. Nd4 Bd7 19. Bf4 Qxf4 20. Qxe7 Rad8 21. Nc6 Bxc6 22. dxc6 Rde8 23. Qd7 Re2 24. Rf1 Rc2 25. Rae1 Qxc4 26. Qxc7 Qxc6 27. Qxa7 g6 28. a3 b5 29. Qe7 Ra8 30. Rd1 Qc7 31. Qb4 Qc6 32. Rfe1 Rc4 33. Qe7 Kg7 34. Rd7 Qf6 35. Qxf6+ Kxf6 36. Ree7 Rxa3 37. Rxf7+ Kg5 38. g3 h6 39. Rd5# 1-0


[Site "https://www.chess.com"]

[Event "Titled Tuesday Blitz March 29 Early 2022"]
[White "Ilyasli, Ughur"]
[Black "Dev, Shah"]
[WhiteFideId "13416197"]
[BlackFideId "35019058"]
[WhiteElo "2045"]
[BlackElo "2075"]
[Result "1-0"]
[Round "07"]
[TimeControl "180+1"]
[Date "2022.03.30"]
[WhiteClock "0:00:12"]
[BlackClock "0:00:04"]

1. d4 d5 2. c4 c6 3. Nf3 Nf6 4. e3 Bf5 5. Qb3 Qb6 6. cxd5 Qxb3 7. axb3 cxd5 8. Nc3 e6 9. Ne5 Bb4 10. Bb5+ Ke7 11. Bd2 Nbd7 12. Nxd7 Bxc3 13. bxc3 Nxd7 14. Bc1 Rhc8 15. Ba3+ Kd8 16. Kd2 Nf6 17. f3 a6 18. Be2 b5 19. Bb4 Nd7 20. Ra5 Kc7 21. Rha1 Kb7 22. g4 Bg6 23. h4 h5 24. gxh5 Bxh5 25. Rg1 g6 26. Rga1 Nb8 27. Bxb5 Bxf3 28. Bd6 Be4 29. Be2 Rc6 30. Bxb8 Kxb8 31. Rxa6 Raxa6 32. Rxa6 Rc8 33. c4 Rh8 34. c5 Rxh4 35. Rb6+ Kc7 36. Ba6 Rh2+ 37. Kc3 Rh3 38. Kb4 Rxe3 39. Rb7+ Kc6 40. Rxf7 Bd3 41. Bb7# 1-0


[Site "https://www.chess.com"]

[Event "Titled Tuesday Blitz March 29 Early 2022"]
[White "Isanzhulov, Arystan"]
[Black "Piliczewski, Bogusz"]
[WhiteFideId "13711644"]
[BlackFideId "1104144"]
[WhiteElo "2296"]
[BlackElo "1896"]
[Result "1-0"]
[Round "07"]
[TimeControl "180+1"]
[Date "2022.03.30"]
[WhiteClock "0:01:02"]
[BlackClock "0:00:14"]

1. c4 c6 2. d4 d5 3. cxd5 cxd5 4. Bg5 Nc6 5. Nc3 Nf6 6. Bxf6 gxf6 7. e3 Bf5 8. Qb3 Qb6 9. Nxd5 Qxb3 10. axb3 O-O-O 11. Nc3 a6 12. Nf3 Nb4 13. Ra5 Bc2 14. Na2 e6 15. Nd2 Nxa2 16. Rxa2 Bb4 17. Ra4 a5 18. Bc4 e5 19. Ke2 exd4 20. Rc1 d3+ 21. Bxd3 Kb8 22. Rxc2 Rxd3 23. Kxd3 Rd8+ 24. Ke2 b5 25. Rxb4 axb4 26. Rc5 Kb7 27. Rxb5+ Kc6 28. Rxb4 Rg8 29. g3 1-0


[Site "https://www.chess.com"]

[Event "Titled Tuesday Blitz March 29 Early 2022"]
[White "Iskusnyh, Sergei"]
[Black "Kejzar, Petra"]
[WhiteFideId "4120027"]
[BlackFideId "14610213"]
[WhiteElo "2492"]
[BlackElo "2003"]
[Result "1-0"]
[Round "07"]
[TimeControl "180+1"]
[Date "2022.03.30"]
[WhiteClock "0:00:30"]
[BlackClock "0:00:01"]

1. d4 Nf6 2. c4 e6 3. g3 d5 4. Bg2 Be7 5. Nf3 O-O 6. Qc2 c6 7. O-O Nbd7 8. Rd1 b6 9. b3 Bb7 10. Nc3 Rc8 11. e4 dxe4 12. Nxe4 Nxe4 13. Qxe4 Nf6 14. Qc2 Re8 15. Bf4 Bf8 16. Rd3 Qe7 17. Re1 Red8 18. Rdd1 c5 19. Rd2 cxd4 20. Rxd4 Rxd4 21. Nxd4 Bxg2 22. Kxg2 Qb7+ 23. Kg1 Bc5 24. Nb5 Rd8 25. Bg5 a6 26. Nc3 Ng4 27. Ne4 Be7 28. Bxe7 Qxe7 29. Qe2 Nf6 30. Nc3 Qb4 31. Rd1 Rd7 32. Rxd7 Nxd7 33. Ne4 h6 34. Qd1 Qe7 35. Qd4 e5 36. Qd5 Kh7 37. Qb7 f5 38. Nc3 e4 39. Nd5 Qe8 40. Qc6 Qf7 41. Qd6 Nc5 42. Nxb6 Nd3 43. Nd5 Qa7 44. Qb6 1-0


[Site "https://www.chess.com"]

[Event "Titled Tuesday Blitz March 29 Early 2022"]
[White "Janaszak, Dawid"]
[Black "Balint, Vilmos"]
[WhiteFideId "1119206"]
[BlackFideId "718050"]
[WhiteElo "2199"]
[BlackElo "2059"]
[Result "1-0"]
[Round "07"]
[TimeControl "180+1"]
[Date "2022.03.30"]
[WhiteClock "0:00:27"]
[BlackClock "0:01:19"]

1. e4 e6 2. d4 d5 3. Bd3 c5 4. exd5 exd5 5. c3 cxd4 6. cxd4 Nf6 7. Nf3 Be7 8. O-O O-O 9. Re1 Bg4 10. h3 Bh5 11. g4 Bg6 12. Nc3 Nc6 13. Bg5 Ne4 14. Bxe7 Qxe7 15. Nxd5 Qd6 16. Nc3 Nxc3 17. bxc3 Rfe8 18. Rxe8+ Rxe8 19. Rb1 b6 20. Kg2 Qa3 21. Bxg6 hxg6 22. Qb3 Qd6 23. Re1 Rxe1 24. Nxe1 Ne7 25. Nd3 Nd5 26. c4 Nf6 27. d5 Ne4 28. Qb2 g5 29. Qd4 Qe7 30. Qe5 Qxe5 31. Nxe5 f6 32. Nc6 a6 33. Nb8 a5 34. Nd7 Nc3 35. Nxb6 Nxa2 36. c5 Nb4 37. c6 1-0


[Site "https://www.chess.com"]

[Event "Titled Tuesday Blitz March 29 Early 2022"]
[White "Jary, Sergey"]
[Black "Vasquez Schroeder, Rodrigo"]
[WhiteFideId "14110350"]
[BlackFideId "3400042"]
[WhiteElo "2260"]
[BlackElo "2561"]
[Result "0-1"]
[Round "07"]
[TimeControl "180+1"]
[Date "2022.03.29"]
[WhiteClock "0:00:07"]
[BlackClock "0:00:16"]

1. e4 c5 2. Nf3 d6 3. d4 cxd4 4. Nxd4 Nf6 5. f3 a6 6. c4 e6 7. Nc3 Be7 8. Be3 O-O 9. Qd2 b6 10. Be2 Bb7 11. O-O Nc6 12. Rfd1 Rc8 13. Rac1 Ne5 14. b3 Qc7 15. Na4 Ned7 16. b4 Qb8 17. a3 Bd8 18. Nb3 Bc7 19. Bf4 Ne5 20. Bxe5 dxe5 21. c5 b5 22. Nc3 Rcd8 23. Qe3 Bc6 24. Rxd8 Rxd8 25. Rd1 Rxd1+ 26. Bxd1 Qd8 27. Be2 h6 28. Qd2 Qe7 29. Kf2 Nd7 30. g3 Nf6 31. Kg2 Kh7 32. Nc1 g5 33. h3 Kg7 34. Bd1 Kg6 35. a4 bxa4 36. Bxa4 Bb7 37. Qe2 Qd8 38. Qd3 Qa8 39. Bb3 h5 40. g4 hxg4 41. hxg4 Bc6 42. Ba4 Bxa4 43. Nxa4 Qb7 44. Qc3 Qb5 45. Nb2 Nd7 46. Qc4 Qc6 47. Ncd3 Nb8 48. Qc3 f6 49. Qc4 Kf7 50. Kg3 Qd7 51. Nd1 Qa4 52. Ne3 Qa1 53. Qc2 Qd4 54. Nc4 Nc6 55. Kg2 Qa1 56. Nd6+ Ke7 57. b5 Nd4 58. Qb3 Qa5 59. Qd1 axb5 60. Qe1 Qxe1 61. Nxe1 Bxd6 62. cxd6+ Kxd6 63. Nd3 Nc6 64. Kf2 b4 65. Ke3 b3 66. Kd2 Nd4 67. Ne1 Kc5 68. Kc3 Kb5 69. Kb2 Kc4 0-1


[Site "https://www.chess.com"]

[Event "Titled Tuesday Blitz March 29 Early 2022"]
[White "Jeet, Jain"]
[Black "Kostina, Nadezhda"]
[WhiteFideId "5073022"]
[BlackFideId "4195876"]
[WhiteElo "2085"]
[BlackElo "1982"]
[Result "1-0"]
[Round "07"]
[TimeControl "180+1"]
[Date "2022.03.30"]
[WhiteClock "0:00:22"]
[BlackClock "0:00:04"]

1. d4 Nf6 2. Nf3 e6 3. Bf4 b6 4. e3 Bb7 5. Nbd2 c5 6. c3 d5 7. Bd3 Bd6 8. Ne5 O-O 9. Qf3 Nbd7 10. Qh3 cxd4 11. exd4 Ne4 12. f3 Nef6 13. Nxd7 Qxd7 14. Be5 Rfe8 15. Bxf6 gxf6 16. Qxh7+ Kf8 17. Nf1 Ke7 18. Qh4 Rh8 19. Qf2 Qa4 20. Qc2 Qa5 21. h4 Rag8 22. g4 e5 23. dxe5 fxe5 24. Ng3 Bc8 25. h5 e4 26. Nxe4 dxe4 27. Bxe4 Bg3+ 28. Kf1 f5 29. gxf5 Ba6+ 30. Bd3 Rd8 31. Qe2+ Kf8 32. Bxa6 Qxf5 33. Rg1 Bf4 34. Qe4 Qh3+ 35. Rg2 Qh1+ 36. Kf2 Rd2+ 37. Be2 Qh4+ 38. Kg1 1-0


[Site "https://www.chess.com"]

[Event "Titled Tuesday Blitz March 29 Early 2022"]
[White "Jumabayev, Rinat"]
[Black "Csonka, Balazs"]
[WhiteFideId "13702661"]
[BlackFideId "742910"]
[WhiteElo "2561"]
[BlackElo "2404"]
[Result "1/2-1/2"]
[Round "07"]
[TimeControl "180+1"]
[Date "2022.03.29"]
[WhiteClock "0:00:20"]
[BlackClock "0:00:03"]

1. d4 d5 2. c3 Nf6 3. Bf4 Bf5 4. Qb3 Qc8 5. e3 e6 6. c4 dxc4 7. Bxc4 Nbd7 8. Nc3 a6 9. Nf3 Be7 10. O-O b5 11. Be2 c5 12. Ne5 Nxe5 13. Bxe5 O-O 14. dxc5 Nd7 15. Bd4 Nxc5 16. Bxc5 Qxc5 17. Rac1 Qb4 18. Qxb4 Bxb4 19. Bf3 Rab8 20. g4 Bg6 21. h4 h6 22. h5 Bh7 23. Rfd1 Be7 24. Ne2 Bf6 25. Nd4 a5 26. Rc5 a4 27. Bc6 Rfd8 28. Rxb5 Rxb5 29. Bxb5 e5 30. Bxa4 exd4 31. b4 dxe3 32. Rxd8+ Bxd8 33. fxe3 Bb1 34. Bb3 Be7 35. b5 Bc5 36. Kf2 Kf8 37. Kf3 Ke7 38. a4 Bb6 39. Kf4 g6 40. Kf3 gxh5 41. gxh5 Bf5 42. Kf4 Be6 43. Bc2 Kd6 44. e4 Bc7 45. Bd1 Kc5+ 46. Ke3 Be5 47. Kd3 Bc4+ 48. Ke3 Be6 49. Kd3 Kb6 50. Ke3 Ka5 51. Kd3 Bc7 52. Kd4 Kb4 53. Kd3 Bb3 54. Bxb3 Kxb3 55. Kd4 Kxa4 56. Kc5 Kb3 57. Kc6 Bh2 58. Kd5 Kb4 59. b6 Kb5 60. b7 Kb6 61. e5 Kxb7 62. e6 fxe6+ 63. Kxe6 Bf4 64. Kf5 Bg5 65. Kg4 Kc6 66. Kf3 Kd5 67. Kg2 Ke4 68. Kh1 Kf3 69. Kh2 Bf4+ 70. Kg1 Kg3 71. Kh1 Be3 1/2-1/2


[Site "https://www.chess.com"]

[Event "Titled Tuesday Blitz March 29 Early 2022"]
[White "Kamsky, Gata"]
[Black "Fedoseev, Vladimir"]
[WhiteFideId "2000024"]
[BlackFideId "24130737"]
[WhiteElo "2645"]
[BlackElo "2726"]
[Result "1-0"]
[Round "07"]
[TimeControl "180+1"]
[Date "2022.03.29"]
[WhiteClock "0:00:59"]
[BlackClock "0:00:02"]

1. d4 Nf6 2. Bf4 d6 3. Nf3 c5 4. dxc5 Qa5+ 5. Nbd2 Qxc5 6. e4 Nc6 7. c3 Qa5 8. Bd3 Bg4 9. h3 Bxf3 10. Nxf3 e6 11. O-O Be7 12. c4 O-O 13. a3 Qc7 14. Rc1 b6 15. Qe2 Nd7 16. Rfd1 a5 17. Qd2 Rfd8 18. b4 Nde5 19. Be2 axb4 20. axb4 Bf6 21. Be3 Ra4 22. Rb1 Nxf3+ 23. Bxf3 Ra3 24. Be2 Bc3 25. Qc1 Rda8 26. c5 bxc5 27. bxc5 Be5 28. cxd6 Bxd6 29. Bb6 Bh2+ 30. Kh1 Qe5 31. Qxc6 Bf4 32. Bd4 Qg5 33. Ra1 h5 34. Rxa3 Rxa3 35. Qe8+ Kh7 36. Qxf7 h4 37. Qxe6 Bb8 38. Qf5+ Qxf5 39. exf5 Bf4 40. Bh5 Bg5 41. Bg6+ Kh6 42. Be5 Ra5 43. f4 Be7 44. Rd7 Bf6 45. Bxf6 Ra1+ 46. Kh2 Rh1+ 47. Kxh1 gxf6 1-0


[Site "https://www.chess.com"]

[Event "Titled Tuesday Blitz March 29 Early 2022"]
[White "Karavaeva, Olga"]
[Black "Chernomordik, Pavel"]
[WhiteFideId "4124111"]
[BlackFideId "2804530"]
[WhiteElo "2105"]
[BlackElo "2249"]
[Result "0-1"]
[Round "07"]
[TimeControl "180+1"]
[Date "2022.03.30"]
[WhiteClock "0:00:34"]
[BlackClock "0:00:14"]

1. c4 g6 2. Nc3 Bg7 3. g3 e5 4. Bg2 Nc6 5. Nf3 d6 6. O-O Be6 7. Nd5 Nce7 8. e4 c6 9. Ne3 Nf6 10. d3 h6 11. h3 Qd7 12. Kh2 O-O 13. b3 c5 14. Nd5 Kh7 15. Nh4 Ne8 16. f4 exf4 17. Rb1 fxg3+ 18. Kxg3 f5 19. Nxe7 Qxe7 20. exf5 gxf5 21. Qh5 Qf7 22. Qxf7 Rxf7 23. Bf4 Be5 24. Rbe1 Bxf4+ 25. Rxf4 Ng7 26. Bf3 Raf8 27. Kf2 b6 28. a3 Rd8 29. d4 d5 30. dxc5 dxc4 31. cxb6 cxb3 32. b7 Bd5 33. Rd4 Bxf3 34. Rxd8 Bxb7 35. Rb1 Ne6 36. Rd5 Bxd5 0-1


[Site "https://www.chess.com"]

[Event "Titled Tuesday Blitz March 29 Early 2022"]
[White "Karolczuk, Iwo"]
[Black "Garv Gaur"]
[WhiteFideId "21816972"]
[BlackFideId "45030839"]
[WhiteElo "2243"]
[BlackElo "1950"]
[Result "1-0"]
[Round "07"]
[TimeControl "180+1"]
[Date "2022.03.30"]
[WhiteClock "0:00:07"]
[BlackClock "0:00:06"]

1. e4 c6 2. Nc3 d5 3. Qf3 Nf6 4. d3 e6 5. Bd2 Qb6 6. Rb1 Nbd7 7. g3 Ne5 8. Qe2 Bb4 9. Bg2 dxe4 10. Nxe4 Bxd2+ 11. Nxd2 Ng6 12. h4 e5 13. h5 Bg4 14. Bf3 Bxf3 15. Ngxf3 Ne7 16. Nxe5 O-O 17. O-O Nf5 18. Kg2 Rae8 19. Ndf3 Nd4 20. Qd2 Nxf3 21. Nxf3 h6 22. Rh1 Qc5 23. c3 Nxh5 24. Rh4 Nf6 25. Rbh1 Qf5 26. Nd4 Qg6 27. Rf4 Re5 28. Nf3 Rh5 29. Nh4 Qg5 30. Qd1 g6 31. Qf3 Nd5 32. Rg4 Qe5 33. Nxg6 fxg6 34. Rxg6+ Kh7 35. Rxh5 1-0


[Site "https://www.chess.com"]

[Event "Titled Tuesday Blitz March 29 Early 2022"]
[White "Kiltti, Jyrki"]
[Black "Tiarks, Jann-Christian"]
[WhiteFideId "501204"]
[BlackFideId "12951595"]
[WhiteElo "2245"]
[BlackElo "2176"]
[Result "1/2-1/2"]
[Round "07"]
[TimeControl "180+1"]
[Date "2022.03.30"]
[WhiteClock "0:00:37"]
[BlackClock "0:00:13"]

1. Nc3 c5 2. g4 d5 3. Bg2 d4 4. Ne4 e5 5. e3 Nc6 6. h4 Be7 7. h5 h6 8. d3 Nf6 9. Nxf6+ Bxf6 10. Bxc6+ bxc6 11. e4 Rb8 12. b3 O-O 13. f3 Bh4+ 14. Ke2 Bg5 15. Nh3 Bh4 16. Qg1 Kh8 17. g5 Bxh3 18. gxh6 gxh6 19. Rxh3 Bg5 20. Rg3 Rg8 21. Rg4 Qe7 22. Qg2 Rbf8 23. Bxg5 Rxg5 24. Rg1 Rfg8 25. Qh3 Qe6 26. Rxg5 Rxg5 27. Qxe6 fxe6 28. Rxg5 hxg5 29. Kf2 Kh7 30. Kg3 Kg7 31. Kh3 Kh6 32. Kg4 a6 33. a3 a5 34. a4 c4 35. bxc4 c5 36. Kg3 Kxh5 37. Kh3 Kg6 38. Kg3 Kh6 39. Kh3 Kh5 40. Kg3 Kg6 1/2-1/2


[Site "https://www.chess.com"]

[Event "Titled Tuesday Blitz March 29 Early 2022"]
[White "Kobalia, Mikhail"]
[Black "Martin Carmona, Gaston Manuel"]
[WhiteFideId "4119150"]
[BlackFideId "22284567"]
[WhiteElo "2667"]
[BlackElo "2161"]
[Result "1-0"]
[Round "07"]
[TimeControl "180+1"]
[Date "2022.03.30"]
[WhiteClock "0:00:11"]
[BlackClock "0:00:01"]

1. e4 e6 2. d3 d5 3. Nd2 c5 4. Ngf3 Nc6 5. g3 Nf6 6. Bg2 Be7 7. O-O O-O 8. Re1 Qc7 9. Nf1 b5 10. e5 Nd7 11. Bf4 Bb7 12. Ne3 Nd4 13. Nxd4 cxd4 14. Nxd5 Bxd5 15. Bxd5 exd5 16. e6 Bd6 17. Bxd6 Qxd6 18. exd7 Qxd7 19. Re5 Rac8 20. Qe2 h6 21. Re1 Qc6 22. Qg4 Qxc2 23. Qxd4 Rfd8 24. Re7 Rc7 25. Re8+ Rxe8 26. Rxe8+ Kh7 27. Qxd5 Qxb2 28. Kg2 Qf6 29. Re5 a6 30. Qe4+ Qg6 31. Qf3 Rd7 32. Rd5 Rxd5 33. Qxd5 Qf6 34. d4 b4 35. Qe4+ g6 36. d5 Qd6 37. Kf3 Kg7 38. Qd4+ Kh7 39. Qc4 a5 40. Qc6 Qe5 41. d6 Qf5+ 42. Kg2 Kg7 43. d7 Qd3 44. h4 a4 45. Qc7 Qd5+ 46. Kh2 Qf3 47. Qf4 Qd5 48. Qc7 Qf3 49. Qe5+ Kh7 50. d8=Q Qxf2+ 51. Kh3 Qf1+ 52. Kg4 h5+ 53. Kg5 Qc1+ 54. Kf6 Qc6+ 55. Ke7 Qb7+ 56. Qdc7 Qb5 57. Kxf7 1-0


[Site "https://www.chess.com"]

[Event "Titled Tuesday Blitz March 29 Early 2022"]
[White "Korchmar, Vasiliy"]
[Black "Fajdetic, Hrvoje"]
[WhiteFideId "24131750"]
[BlackFideId "14501945"]
[WhiteElo "2370"]
[BlackElo "2172"]
[Result "1-0"]
[Round "07"]
[TimeControl "180+1"]
[Date "2022.03.30"]
[WhiteClock "0:00:16"]
[BlackClock "0:00:08"]

1. d4 e6 2. Bf4 f5 3. Nf3 Nf6 4. e3 b6 5. Be2 Bb7 6. O-O Be7 7. h3 O-O 8. c4 d6 9. Nc3 Qe8 10. Bh2 Ne4 11. Rc1 Nd7 12. Nxe4 Bxe4 13. Nd2 Bb7 14. Bf3 Bxf3 15. Qxf3 Nf6 16. b4 d5 17. b5 Ne4 18. Nxe4 dxe4 19. Qe2 Bd6 20. c5 Bxh2+ 21. Kxh2 a6 22. cxb6 cxb6 23. Rc6 axb5 24. Qxb5 Rxa2 25. Qxb6 Rb2 26. Qa6 Ra2 27. Qc4 Rd2 28. Rxe6 Qf7 29. Rb1 1-0


[Site "https://www.chess.com"]

[Event "Titled Tuesday Blitz March 29 Early 2022"]
[White "Kosteniuk, Alexandra"]
[Black "Shtyka, Sergey"]
[WhiteFideId "4128125"]
[BlackFideId "4138465"]
[WhiteElo "2469"]
[BlackElo "2014"]
[Result "1-0"]
[Round "07"]
[TimeControl "180+1"]
[Date "2022.03.30"]
[WhiteClock "0:02:19"]
[BlackClock "0:01:00"]

1. g4 e6 2. Bg2 d5 3. d4 Bd6 4. c4 dxc4 5. Nc3 c6 6. Nf3 Nf6 7. g5 Nd5 8. e4 Nxc3 9. bxc3 O-O 10. h4 c5 11. h5 Nc6 12. e5 Be7 13. g6 cxd4 14. cxd4 Bb4+ 15. Kf1 Bc3 16. gxh7+ Kh8 17. h6 Bxa1 18. hxg7+ Kxg7 19. Bg5 f6 20. Bxf6+ Rxf6 21. h8=Q+ Qxh8 22. exf6+ Kxf6 23. Rxh8 1-0


[Site "https://www.chess.com"]

[Event "Titled Tuesday Blitz March 29 Early 2022"]
[White "Kouskoutis, Georgios-Alexandros"]
[Black "Kaminski, Victor"]
[WhiteFideId "4234049"]
[BlackFideId "1131630"]
[WhiteElo "2130"]
[BlackElo "2181"]
[Result "1-0"]
[Round "07"]
[TimeControl "180+1"]
[Date "2022.03.30"]
[WhiteClock "0:00:12"]
[BlackClock "0:00:22"]

1. c4 e6 2. g3 d5 3. Bg2 Nf6 4. Nf3 dxc4 5. Qa4+ c6 6. Qxc4 b5 7. Qc2 Bb7 8. O-O Be7 9. a4 Nbd7 10. Nd4 Rc8 11. Nxc6 Qb6 12. axb5 a6 13. Nc3 axb5 14. Nxe7 Kxe7 15. Bxb7 Qxb7 16. Qb3 b4 17. d4 Rb8 18. Na4 Qd5 19. Qxd5 Nxd5 20. Bd2 f5 21. Rfc1 Rhc8 22. b3 h6 23. h4 g6 24. Bxh6 e5 25. dxe5 Nxe5 26. Bd2 Nc6 27. Rc5 Ke6 28. Rac1 Nde7 29. Bf4 Ra8 30. Nb6 Nd4 31. Rxc8 Nxc8 32. Nxa8 Nxe2+ 33. Kf1 Nxc1 34. Bxc1 Kd6 35. Bf4+ Kd5 36. Nc7+ Kd4 37. Na6 Kc3 38. Ke2 Kxb3 39. Bd2 Kc4 40. Nxb4 Ne7 41. Nd3 Nd5 42. Ne5+ Kd4 43. Nxg6 Ke4 44. f3+ Kd4 45. h5 Nf6 46. h6 Nh7 47. Bb4 Kd5 48. Nf8 Nf6 49. Bc3 Nh7 50. Nxh7 Ke6 51. Ng5+ Ke7 52. Be5 f4 53. gxf4 Kf8 54. h7 Ke7 55. h8=Q Kd7 56. Qf6 1-0


[Site "https://www.chess.com"]

[Event "Titled Tuesday Blitz March 29 Early 2022"]
[White "Kozak, Antoni"]
[Black "Demchenko, Anton"]
[WhiteFideId "21832030"]
[BlackFideId "4160258"]
[WhiteElo "2236"]
[BlackElo "2539"]
[Result "0-1"]
[Round "07"]
[TimeControl "180+1"]
[Date "2022.03.29"]
[WhiteClock "0:00:03"]
[BlackClock "0:00:10"]

1. Nf3 Nf6 2. c4 b6 3. g3 Bb7 4. Bg2 g6 5. O-O Bg7 6. Nc3 O-O 7. Re1 Ne4 8. Nxe4 Bxe4 9. d3 Bb7 10. Qc2 c5 11. Bg5 Nc6 12. Rad1 d5 13. cxd5 Qxd5 14. Qc1 Qxa2 15. Bh6 Qxb2 16. Qxb2 Bxb2 17. Bxf8 Rxf8 18. Rb1 Bg7 19. Rec1 Rb8 20. e3 Rd8 21. d4 cxd4 22. Nxd4 Nxd4 23. exd4 Bxg2 24. Kxg2 Bxd4 25. Rc7 Bc5 26. Rxa7 Rd2 27. Rf1 f5 28. Raa1 Rd7 29. Rfd1 Rc7 30. Ra8+ Kg7 31. Rdd8 Kf6 32. f4 Ke6 33. Rh8 Bd6 34. Rxh7 Rc2+ 35. Kf3 b5 36. Ke3 b4 37. Ra6 Kd5 38. Kd3 Rc3+ 39. Kd2 Rf3 40. Rh8 b3 41. Rb6 Bc5 42. Rb5 Kc4 43. Rhb8 Rf2+ 44. Ke1 Rxh2 45. Rxb3 Kd5 46. Kf1 Ra2 47. Rd3+ Ke6 48. Rc8 Bd6 49. Rg8 Kf7 50. Rc8 Ra1+ 51. Ke2 Ra2+ 52. Rd2 Ra3 53. Rd3 Ra4 54. Rc2 Re4+ 55. Kf3 Rb4 56. Re2 Rb1 57. Rde3 Rc1 58. Rh2 Rf1+ 59. Kg2 Rd1 60. Rh7+ Kf6 61. Re2 Rd4 62. Rh8 Rd3 63. Rf8+ Kg7 64. Ra8 g5 65. Raa2 gxf4 66. gxf4 Rd4 67. Ra7 Kf6 68. Rf2 Bxf4 69. Ra6+ Kg5 70. Re6 Bd6 71. Rfe2 Rg4+ 72. Kf3 Rf4+ 73. Kg2 Rg4+ 74. Kf3 Rh4 75. Rxe7 Bxe7 76. Rxe7 Rh3+ 77. Kg2 Ra3 78. Rb7 Kg4 79. Rg7+ Kf4 80. Kf1 Ra1+ 81. Kf2 Ra2+ 82. Kg1 Kf3 83. Rf7 f4 84. Re7 Ra1+ 85. Kh2 Kf2 86. Rb7 Re1 87. Rb2+ Re2 88. Rb7 f3 89. Rb1 Re1 90. Rb2+ Re2 91. Rb1 Rd2 92. Rc1 Rb2 93. Rd1 Rb6 94. Rc1 Rh6# 0-1


[Site "https://www.chess.com"]

[Event "Titled Tuesday Blitz March 29 Early 2022"]
[White "Krysa, Leandro"]
[Black "Jaskolka, Tomasz"]
[WhiteFideId "116807"]
[BlackFideId "1170791"]
[WhiteElo "2490"]
[BlackElo "2073"]
[Result "1/2-1/2"]
[Round "07"]
[TimeControl "180+1"]
[Date "2022.03.30"]
[WhiteClock "0:00:26"]
[BlackClock "0:00:03"]

1. e4 e6 2. d4 d5 3. e5 c5 4. c3 Bd7 5. Nf3 Qb6 6. Bd3 Bb5 7. dxc5 Bxc5 8. b4 Be7 9. O-O Nc6 10. Be3 Qa6 11. Bxb5 Qxb5 12. a4 Qc4 13. Na3 Qg4 14. Nb5 Rc8 15. Nxa7 Nxa7 16. Bxa7 Rxc3 17. Bd4 Rxf3 18. Qxf3 Qxd4 19. Rfd1 Qxe5 20. Rac1 Nf6 21. Rc8+ Bd8 22. Qg3 Qxg3 23. hxg3 O-O 24. Rdc1 Be7 25. b5 b6 26. R1c6 Nd7 27. R6c7 Rxc8 28. Rxc8+ Bf8 29. Ra8 f6 30. Ra7 Nc5 31. Ra6 Kf7 32. Rxb6 Nxa4 33. Rb7+ Kg6 34. Ra7 Nb6 35. Rc7 d4 36. Rc6 d3 37. Kf1 Nd5 38. Rxe6 Nc3 39. Ke1 Nxb5 40. Kd2 Nd4 41. Re8 Bc5 42. Kxd3 Nc6 43. Rc8 Ne5+ 44. Ke2 Bb6 45. f3 h6 46. g4 Ba7 47. Rc7 Bb6 48. Rb7 Bc5 49. Rb5 Bd6 50. Rb6 Bc7 51. Ra6 Bb8 52. Ra8 Bc7 53. Kf2 Nf7 54. Ke2 f5 55. gxf5+ Kf6 56. Ra7 Be5 57. g4 Nd6 58. Ra6 Kg5 59. Kf2 Bf4 60. Kg2 Nc4 61. Ra7 Kf6 62. Ra4 Ne3+ 63. Kf2 Nd1+ 64. Kg2 Ne3+ 65. Kh3 Nd5 66. Ra6+ Ke5 67. Re6+ Kd4 68. Re4+ Kd3 69. Kh4 Bg5+ 70. Kh3 Nf4+ 71. Kg3 Ne2+ 72. Kf2 Nd4 73. Re8 Bf6 74. Ra8 Kc4 75. Rc8+ Kd5 76. Ra8 Ke5 77. Kg3 Ne2+ 78. Kf2 Nf4 79. Ra5+ Kd6 80. Ra4 Nd3+ 81. Ke3 Ne5 82. Ra6+ Kd5 83. Ra5+ Kd6 84. Ke4 Nc4 85. Ra6+ Ke7 86. Kd5 Nd2 87. Ra7+ Kf8 88. Ke6 Kg8 89. f4 Ne4 90. Ra8+ Kh7 91. Kf7 Nd6+ 92. Ke6 Ne4 93. Rc8 Nf2 94. g5 hxg5 95. fxg5 Bxg5 96. Rc2 Ng4 97. Rg2 Nf6 98. Rh2+ Bh6 99. Rg2 Kg8 100. Ke7 Nd5+ 101. Ke6 Nf4+ 102. Ke7 Nxg2 103. f6 gxf6 104. Kxf6 Bg7+ 105. Kg6 Ne3 106. Kg5 Kf7 107. Kf4 Nd5+ 108. Ke4 Ke6 109. Kf3 Ke5 110. Kg3 Kf5 111. Kf3 Be5 112. Ke2 Ke4 113. Kf2 Bf4 114. Kg2 Ke3 115. Kh3 Kf3 116. Kh4 Nf6 117. Kh3 Ne4 118. Kh4 Nf6 119. Kh3 Bg5 120. Kh2 Ng4+ 121. Kh3 Nf2+ 122. Kh2 Nd3 123. Kh3 Nf4+ 124. Kh2 Bh4 125. Kg1 Bg3 126. Kh1 Nd3 127. Kg1 Nf4 128. Kh1 Ng6 129. Kg1 Ne5 130. Kh1 Ng4 131. Kg1 Bf4 132. Kh1 Nf2+ 133. Kg1 Be5 134. Kf1 Bh2 135. Ke1 Ne4 136. Kd1 Ke3 137. Kc2 Bd6 138. Kb3 Kd4 139. Ka4 Kc5 140. Ka5 Nc3 141. Ka6 Nd5 142. Kb7 Kb5 143. Ka8 Bc5 144. Kb7 Bb6 145. Ka8 Kc6 146. Kb8 Ne7 147. Ka8 Nd5 148. Kb8 Nc3 149. Ka8 Nb5 150. Kb8 Nc7 151. Kc8 Ba7 152. Kd8 Nd5 153. Ke8 Kd6 154. Kf7 1/2-1/2


[Site "https://www.chess.com"]